 Dungeon Crawl Stone Soup version 0.27.1-33-g824d729ab1 (webtiles) character file.

Game seed: 15563366840860727851

51 Tigers101 the Gusty (level 3, -3/26 HPs)
             Began as a Demigod Air Elementalist on Dec 12, 2021.
             Slain by Sigmund (9 damage)
             ... on level 2 of the Dungeon.
             The game lasted 00:14:01 (1963 turns).

Tigers101 the Gusty (Demigod Air Elementalist)      Turns: 1963, Time: 00:14:02

Health: -3/26      AC:  2    Str: 15    XL:     3   Next: 36%
Magic:  6/8        EV: 12    Int: 21    God:
Gold:   70         SH:  0    Dex: 14    Spells: 3/5 levels left

rFire    . . .     SeeInvis .   b - +1 falchion (vorpal)
rCold    . . .     Faith    .   (no shield)
rNeg     . . .     Spirit   .   a - +0 robe
rPois    .         Reflect  .   (no helmet)
rElec    .         Harm     .   (no cloak)
rCorr    .         Rampage  .   (no gloves)
Will     .....                  (no boots)
Stlth    ++........             (no amulet)
HPRegen  0.08/turn              k - +6 ring of strength
MPRegen  0.11/turn              (no ring)

@: mighty, lethally poisoned (-3 -> -5)
A: high mp 1, forlorn
a: no special abilities


You were on level 2 of the Dungeon.
You visited 1 branch of the dungeon, and saw 2 of its levels.

You collected 70 gold pieces.

Inventory:

Hand Weapons
 b - a +1 vorpal falchion (weapon)
 g - a +2 vampiric whip
Armour
 a - a +0 robe (worn)
 c - a +0 scale mail
 e - a +0 robe
Jewellery
 k - a +6 ring of strength (left hand)
Scrolls
 f - a scroll of teleportation {unknown}
 i - a scroll of identify {unknown}
 j - a scroll of noise {unknown}


   Skills:
 + Level 0.1 Fighting
 + Level 0.2 Long Blades
 + Level 2.0 Dodging
 + Level 2.3 Stealth
 + Level 1.9 Spellcasting
 + Level 1.4 Conjurations
 + Level 3.4 Air Magic


You had 3 spell levels left.
You knew the following spells:

 Your Spells              Type           Power      Damage    Failure   Level
a - Shock                 Conj/Air       48%        1d6       5%          1
b - Foxfire               Conj/Fire      16%        2x1d4     11%         1

Your spell library contained the following spells:

 Spells                   Type           Power      Damage    Failure   Level
 Static Discharge         Conj/Air       12%        N/A       9%          2
 Swiftness                Air            16%        N/A       11%         3
 Animate Skeleton         Necr           4%         N/A       16%         1
 Apportation              Tloc           4%         N/A       16%         1
 Corona                   Hex            2%         N/A       16%         1
 Summon Small Mammal      Summ           8%         N/A       16%         1
 Conjure Flame            Conj/Fire      4%         6-21      32%         3
 Inner Flame              Hex/Fire       2%         N/A       41%         3
 Airstrike                Air            8%         N/A       36%         4


Dungeon Overview and Level Annotations

Branches:
Dungeon (2/15)

Shops:
D:1 *

Annotations:
D:2 Sigmund


Innate Abilities, Weirdness & Mutations

Your attributes grow dramatically as you level up.
You have an increased reservoir of magic. (+10% MP)
You shall have no god before yourself.


Message History

Sigmund flickers and vanishes!
Deactivating autopickup; reactivate with Ctrl-A.
You closely miss the adder. The adder bites you. x2
You are poisoned.
The adder poisons you!
You barely miss the adder.
You feel very sick. The adder bites you.
You are more poisoned.
The adder poisons you!
You hit the adder.
The adder is moderately wounded.
You feel sick. The adder closely misses you.
You riposte.
You hit the adder.
The adder is heavily wounded.
The adder misses you.
You riposte.
You slash the adder!
You kill the adder!
Unknown command.
Casting: Shock (safe; 5% risk of failure)
Confirm with . or Enter, or press ? or * to list all spells.
Okay, then.
It was a potion of might.
You feel very mighty all of a sudden.
You feel sick. Something hits you.
It was a potion of heal wounds.
You feel much better.
You feel sick. Something hits you!
Casting: Shock (safe; 5% risk of failure)
Confirm with . or Enter, or press ? or * to list all spells.
You can't see any susceptible monsters within range! (Use Z to cast anyway.)
Casting: Shock (safe; 5% risk of failure)
Confirm with . or Enter, or press ? or * to list all spells.
You don't know that spell.
Aiming: Shock (safe; 5% risk of failure)
Press: ? - help, Q - select action, (/) - cycle Shift-Dir - straight line You feel sick.
You feel sick. Something hits you.
* * * LOW HITPOINT WARNING * * *
Aiming: Shock (safe; 5% risk of failure)
Press: ? - help, Q - select action, (/) - cycle Shift-Dir - straight line You feel sick.
Something hits you!
You die...

#####
#...#
#.#.#
#.#.#
#.#.#
#.#.##
#.#@.#
#.##{#
#.# .#
#.# .#
#.# .#
#.# .#
#.# .#
#.# .#
#.#


There were no monsters in sight!

Vanquished Creatures
  An adder (D:2)
  2 dart slugs
  6 ball pythons
  9 bats
  2 endoplasms (D:1)
  A giant cockroach (D:1)
  3 goblins
  2 hobgoblins
  A kobold (D:1)
  A quokka (D:1)
  2 frilled lizards (D:1)
  3 rats (D:1)
33 creatures vanquished.

Notes
Turn   | Place    | Note
-------+----------+-------------------------------------------
     0 | D:1      | Tigers101 the Demigod Air Elementalist began the quest for
                  | the Orb.
     0 | D:1      | Reached XP level 1. HP: 14/14 MP: 5/5
   309 | D:1      | Reached skill level 3 in Air Magic
   608 | D:1      | Learned a level 1 spell: Foxfire
   670 | D:1      | Reached XP level 2. HP: 19/20 MP: 2/7
   674 | D:1      | Reached skill level 1 in Conjurations
   848 | D:1      | Found Diotsutu's Assorted Antiques.
  1644 | D:2      | Reached XP level 3. HP: 18/26 MP: 3/8
  1950 | D:2      | Noticed Sigmund
  1963 | D:2      | Slain by Sigmund

Illustrated notes

Levels and vault maps discovered:
D:1:      dpeg_arrival_three_smaller_balls, layout_loops_corners, serial_shops,
          nicolae_shop_trees, minmay_tetromino_i2
D:2:      layout_rooms, basic_ecumenical_altar, serial_corexii_hall,
          chequers_hall_statues_wall_a, chequers_hall_statues_wall_a,
          chequers_hall_statues_wall_a, basic_altar, minmay_misc_feat_ornament,
          corner_web_ring, uniq_jessica, uniq_sigmund

Skill      XL: |  1  2 |
---------------+-------+-----
Air Magic      | 3 |  3.4
Conjurations   | 1 |  1.4
Stealth        | 2 |  2.3
Dodging        | 2 |  2.0
Fighting       | |  0.1
Long Blades    | |  0.2
Spellcasting   | |  1.9

Action                   || total
-------------------------++-------
Melee: Falchion          ||    31
 Cast: Shock             ||    48
       Foxfire           ||     1
  Use: Scroll            ||     1
       Potion            ||     2
 Stab: Sleeping          ||     3
Armor: Robe              ||    18
Dodge: Dodged            ||    43
       Rpst.: Falchion   ||    12
